 Dungeon Crawl Stone Soup version 0.30-a0-540-g0af01429fa (webtiles) character file.

Game seed: 1932308555737705077

258 browni3141 the Sneak (level 6, 0/72 (73) HPs)
             Began as a Naga Hedge Wizard on Dec 25, 2022.
             Shot with an arrow by a centaur (4 damage)
             ... on level 4 of the Dungeon.
             The game lasted 00:06:32 (3013 turns).

browni3141 the Sneak (Naga Hedge Wizard)            Turns: 3013, Time: 00:06:32

HP:   0/72 (73)     AC: 23    Str: 13    XL:     6   Next: 16%
MP:   4/11          EV:  1    Int: 22    God:
Gold: 115           SH:  0    Dex: 10    Spells: 5/11 levels left

rFire   . . .      SeeInvis +    u - +2 dagger (drain)
rCold   . . .      Faith    .    (no shield)
rNeg    . . .      Spirit   .    (body armour currently unavailable)
rPois   +          Reflect  .    (helmet currently unavailable)
rElec   .          Harm     .    (cloak currently unavailable)
rCorr   .          Rampage  .    (gloves currently unavailable)
Will    .....      NoTele   +    (no barding)
Stlth   +++                      (no amulet)
HPRegen 0.32/turn                v - +6 ring of intelligence
MPRegen 0.12/turn                (no ring)

@: tree-form, lightly drained
A: stationary, stasis, torment immunity, boosted hp, AC +2, large, see
invisible, (deformed body), (poison resistance), (slowness 2), spit poison 1,
(naga tail 1)
a: Spit Poison


You were on level 4 of the Dungeon.
You were a tree.
You visited 1 branch of the dungeon, and saw 4 of its levels.

You collected 115 gold pieces.

Inventory:

Hand Weapons
 a - a +0 dagger
 e - a +0 rapier
 u - a +2 dagger of draining (weapon)
Missiles
 s - 6 poisoned darts
Armour
 b - a +0 robe (melded)
 c - a +0 hat (melded)
 h - a +2 cloak of poison resistance (melded)
Magical Staves
 o - a staff of fire
Jewellery
 v - a +6 ring of intelligence (left branch)
Scrolls
 f - a scroll of amnesia {unknown}
 j - a scroll of fog {unknown}
 k - 2 scrolls of identify
 l - 3 scrolls of blinking
 m - 2 scrolls of silence {unknown}
 n - 2 scrolls of magic mapping
 t - a scroll of enchant weapon {unknown}
Potions
 d - a potion of magic
 i - a potion of brilliance {unknown}
 p - a potion of flight {unknown}
 q - a potion of degeneration {unknown}


   Skills:
 - Level 1.5 Dodging
 * Level 7.1 Stealth
 * Level 3.3 Spellcasting
 - Level 2.0 Conjurations
 - Level 2.0 Hexes
 - Level 2.0 Summonings
 - Level 2.0 Translocations


You had 5 spell levels left.
You knew the following spells:

 Your Spells              Type           Power      Damage    Failure   Level
a - Magic Dart            Conj           48%        1d5       5%          1
b - Slow                  Hex            48%        N/A       5%          1
c - Blink                 Tloc           24%        N/A       8%          2
d - Call Imp              Summ           12%        N/A       8%          2

Your spell library contained the following spells:

 Spells                   Type           Power      Damage    Failure   Level
 Sandblast                Erth           6%         2d5       12%         1
 Cigotuvi's Dreadful Rot  Necr/Pois/Air  6%         N/A       19%         2
 Passwall                 Tmut/Erth      2%         N/A       19%         2
 Stone Arrow              Conj/Erth      16%        3d8       24%         3
 Mephitic Cloud           Conj/Pois/Air  6%         N/A       26%         3


Dungeon Overview and Level Annotations

Branches:
Dungeon (4/15)
 Temple: D:4-7

Altars:


Innate Abilities, Weirdness & Mutations

You are a tree.
Your roots penetrate the ground, keeping you stationary.
You cannot be teleported.
You are immune to unholy pain and torment.
Your maximum health is greatly increased.
Your equipment is partially melded.
((Your serpentine skin is tough. (AC +2)))
You have supernaturally acute eyesight. (SInv)
((Armour fits poorly on your strangely shaped body.))
((Your system is resistant to poisons. (rPois)))
((You cover ground very slowly.))
You can spit poison.
((You have a snake-like lower body.))


Message History

Unknown command.
You hit the black bear but do no damage.
You drain the black bear.
The black bear is almost dead.
The black bear bites you but does no damage.
The black bear claws you but does no damage.
The black bear barely misses you.
The centaur shoots an arrow.
The arrow hits your crimson imp!
Your crimson imp dies!
Your crimson imp disappears in a puff of smoke!
The necrophage hits you but does no damage.
The black bear bites you.
* * * LOW HITPOINT WARNING * * *
The black bear claws you but does no damage. x2
Unknown command.
You barely miss the black bear.
The black bear is almost dead.
The centaur shoots an arrow.
The arrow hits you.
* * * LOW HITPOINT WARNING * * *
x2 The necrophage hits you but does no damage.
The black bear bites you but does no damage.
The black bear claws you but does no damage. x2
The centaur shoots an arrow.
The arrow hits you but does no damage.
Unknown command.
You hit the black bear.
The black bear is almost dead.
The black bear bites you but does no damage.
The black bear claws you but does no damage.
The black bear claws you.
* * * LOW HITPOINT WARNING * * *
The centaur shoots an arrow.
The arrow hits you but does no damage. The necrophage hits you.
* * * LOW HITPOINT WARNING * * *
The black bear bites you but does no damage.
The black bear claws you but does no damage. x2
Unknown command.
You hit the black bear.
You kill the black bear!
The centaur shoots an arrow.
The arrow hits you.
You die...

#######.#.###.#.
...!....................
.........######.#.###.##
.........# #.#.# #.##
.........# #.#.# #.##
.........# #.#.###.##
....c....######.#.......
.......n........#####.#.
.......♣.######## #.#.
.........# ##########.#.
######+### #<.........#.
############. #. #####
#. .... # #. ...## #
###... ...#


You could see a necrophage and a centaur.

Vanquished Creatures
  A black bear (D:4)
  An ogre (D:4)
  A hound (D:4)
  An iguana (D:4)
  An adder (D:4)
  An orc (D:3)
  4 ball pythons
  A bat (D:2)
  2 endoplasms
  4 goblins
  4 hobgoblins
  7 jackals
  4 quokkas
  5 frilled lizards
  2 kobolds (D:2)
  5 rats (D:2)
44 creatures vanquished.

Vanquished Creatures (collateral kills)
  A scorpion (D:2)
  A goblin (D:3)
  A kobold (D:3)
3 creatures vanquished.

Vanquished Creatures (others)
  3 toadstools (D:4)
3 creatures vanquished.

Grand Total: 50 creatures vanquished

Notes
Turn   | Place    | Note
-------+----------+-------------------------------------------
     0 | D:1      | browni3141 the Naga Hedge Wizard began the quest for the
                  | Orb.
     0 | D:1      | Reached XP level 1. HP: 15/15 MP: 4/4
   413 | D:1      | Reached XP level 2. HP: 22/22 MP: 1/6
   666 | D:1      | Learned a level 1 spell: Slow
   669 | D:1      | Learned a level 2 spell: Blink
   672 | D:1      | Learned a level 2 spell: Call Imp
  1459 | D:2      | Noticed a scorpion
  1466 | D:2      | Killed a scorpion
  1467 | D:2      | Reached skill level 4 in Stealth
  1467 | D:2      | Reached skill level 1 in Hexes
  1467 | D:2      | Reached XP level 3. HP: 28/28 MP: 1/7
  1467 | D:2      | Reached XP level 4. HP: 36/36 MP: 1/8
  2530 | D:4      | Reached XP level 5. HP: 42/42 MP: 6/9
  2538 | D:4      | Noticed an ogre
  2555 | D:4      | Killed an ogre
  2556 | D:4      | Reached skill level 5 in Stealth
  2556 | D:4      | Reached skill level 6 in Stealth
  2735 | D:4      | Reached XP level 6. HP: 49/49 MP: 6/10
  2853 | D:4      | Reached skill level 7 in Stealth
  2995 | D:4      | Noticed a black bear
  3012 | D:4      | HP: 3/72 [necrophage (2)]
  3013 | D:4      | Killed a black bear
  3013 | D:4      | Shot with an arrow by a centaur

Illustrated notes

Levels and vault maps discovered:
D:1:      dpeg_arrival_rooms_c, layout_basic, minmay_liquid_box,
          minmay_misc_feat_secret_circle, grunt_decor_mini_mirrors
D:2:      layout_loops_ring
D:3:      layout_rooms, serial_glass, glass_columns_a, glass_columns_c
D:4:      layout_basic, minmay_gold_behind_fungi, minmay_hedge_maze

Skill      XL: |  1  2  3  4  5  6 |
---------------+-------------------+-----
Stealth        | 4 6 7 |  7.1
Conjurations   | 2 |  2.0
Hexes          | 1 2 |  2.0
Summonings     | 2 |  2.0
Translocations | 2 |  2.0
Dodging        | |  1.5
Spellcasting   | |  3.3

Action                   |  1- 3 |  4- 6 || total
-------------------------+-------+-------++-------
Melee: Rapier            |     7 |    25 ||    32
       Dagger            |       |    21 ||    21
Throw: Dart              |       |     4 ||     4
 Cast: Magic Dart        |    34 |    70 ||   104
       Call Imp          |     1 |     5 ||     6
       Slow              |     1 |     3 ||     4
       Blink             |       |     1 ||     1
 Abil: Spit Poison       |     2 |     5 ||     7
  Use: Scroll            |     1 |     3 ||     4
       Potion            |       |     2 ||     2
Armor: Robe              |     1 |    32 ||    33
       Skin              |       |    70 ||    70
Dodge: Dodged            |     9 |    31 ||    40

Table legend: (Time is in decaauts)
 A = Elapsed time spent in this place.
 B = Non-inter-level travel time spent in this place.
 C = Inter-level travel time spent in this place.
 D = Time resting spent in this place.
 E = Time spent auto-exploring this place.
 F = Levels seen in this place.
 G = Mean time per level.
                   A        B        C        D        E       F      G
               +--------+--------+--------+--------+--------+-----+--------+
         Total |   3710 |   3475 |    235 |    126 |   2927 |   4 |  927.5 |
       Dungeon |   3710 |   3475 |    235 |    126 |   2927 |   4 |  927.5 |
               +--------+--------+--------+--------+--------+-----+--------+

Top non-repeatable levels by time:
     D:1: 1453 daAuts
     D:2: 1330 daAuts
     D:4: 674 daAuts
     D:3: 252 daAuts
